 Dungeon Crawl Stone Soup version 0.31-a0-963-ga325b2283a (webtiles) character file.

Game seed: 1286575024783463869

359 Xavori the Trooper (level 6, 0/47 HPs)
             Began as a Djinni Chaos Knight on Oct 24, 2023.
             Was a Plaything of Xom.
             Slain by a gnoll
             ... wielding a +0 club
              (4 damage)
             ... on level 5 of the Dungeon.
             The game lasted 00:04:07 (3318 turns).

Xavori the Trooper (Djinni Chaos Knight)            Turns: 3318, Time: 00:04:08

Health: 0/47       AC:  9    Str:  9 (10) XL:     6   Next: 97%
Gold:   122        EV: 12    Int: 10 (13) God:    Xom [*.....] SH:  4 Dex: 17 (18)

rFire   + + .        a - +0 falchion (chaos)
rCold   x . .        l - +0 buckler
rNeg    . . .        b - +2 leather armour
rPois   ∞            s - +1 helmet
rElec   .            x - +0 cloak
rCorr   .            k - +0 pair of gloves
SInv    .            (boots unavailable)
Will    +....        (no amulet)
Stlth   ++           (no ring)
HPRegen 0.27/turn    (no ring)
MPRegen 0.00/turn

%: infuse magic (-1 HP)
@: cleaving, enlightened, flying
A: sickness immunity, fire resistance 2, cold vulnerability 1, float, innate
caster, HP casting, extra vitality 1, agile 1, no potion heal 1
a: Renounce Religion


You were on level 5 of the Dungeon.
You worshipped Xom.
You were a special plaything of Xom.
You visited 1 branch of the dungeon, and saw 5 of its levels.

You collected 122 gold pieces.

Inventory:

Hand Weapons
 a - a +0 falchion of chaos (weapon)
Missiles
 u - a throwing net
Armour
 b - a +2 leather armour (worn)
 e - a +0 kite shield
 k - a +0 pair of gloves (worn)
 l - a +0 buckler (worn)
 s - a +1 helmet (worn)
 x - a +0 cloak (worn)
Jewellery
 w - a ring of willpower
Scrolls
 c - a scroll of butterflies
 g - a scroll of poison {unknown}
 h - a scroll of immolation {unknown}
 i - a scroll of enchant weapon {unknown}
 n - a scroll of fog {unknown}
 o - 5 scrolls of identify {unknown}
 q - a scroll of fear {unknown}
 v - a scroll of teleportation {unknown}
 y - a scroll of vulnerability {unknown}
Potions
 d - a potion of curing {unknown}
 f - a potion of ambrosia {unknown}
 j - a potion of brilliance {unknown}
 m - a potion of enlightenment


   Skills:
 + Level 3.9 Fighting
 + Level 3.5 Long Blades
 + Level 2.5 Armour
 + Level 3.4 Dodging
 - Level 1.6 Stealth
 + Level 0.7 Shields
 * Level 2.1 Spellcasting
 * Level 2.1 Conjurations
 * Level 2.1 Hexes
   Level 0.0 Charms
 * Level 2.1 Summonings
 * Level 2.1 Necromancy
 * Level 2.1 Translocations
 * Level 2.1 Transmutations
 * Level 2.1 Fire Magic
 * Level 2.1 Ice Magic
 * Level 2.1 Air Magic
 * Level 2.1 Earth Magic
 * Level 2.1 Poison Magic


You knew the following spells:

 Your Spells              Type           Power      Damage    Failure   Level
a - Sting                 Tmut/Pois      20%        1d4       28%         1
b - Passwall              Tmut/Erth      4%         N/A       38%         2
Your spell library was empty.

Dungeon Overview and Level Annotations

Branches:
Dungeon (5/15)
 Temple: D:4-7

Altars:
Hepliaklqana
Xom


Innate Abilities, Weirdness & Mutations

You are immune to sickness and miasma.
You are immune to poison.
Your flesh is very heat resistant. (rF++)
You are vulnerable to cold. (rC-)
You float through the air rather than walking.
You learn spells naturally, not from books.
Your magical power is your life essence.
You have superior vitality. (+4 MHP)
You are agile. (Dex +4, Str/Int -1)
Potions are less effective at restoring your health.


Message History

Unknown command.
Aiming: Mindburst
Press: ? - help, Shift-Dir - straight line, f/p - harpy
Aim: a harpy shaped shifter (heavily wounded, chance to affect: 64%)
The harpy struggles to resist.
The harpy closely misses you. You block the harpy's attack.
The gnoll hits you with a +0 club.
* * * LOW HITPOINT WARNING * * *
Unknown command.
Aiming: Mindburst
Press: ? - help, Shift-Dir - straight line, f/p - harpy
Aim: a harpy shaped shifter (heavily wounded, chance to affect: 64%)
The harpy's mind is blasted!
The harpy closely misses you. You block the harpy's attack.
The gnoll hits you but does no damage.
Unknown command.
Aiming: Mindburst
Press: ? - help, Shift-Dir - straight line, f/p - harpy
Aim: a harpy shaped shifter (almost dead, chance to affect: 64%)
The harpy struggles to resist.
The now-empty wand crumbles to dust.
The harpy closely misses you. The harpy claws you.
* * * LOW HITPOINT WARNING * * *
You block the gnoll's attack.
You aren't carrying any items that you can evoke.
What are your orders? t - Shout!
Orders for allies: a - Attack new target. p - Attack previous target. r - Retreat! s - Stop attacking. g - Guard the area. f - Follow me.
Anything else - Cancel.
Okay, then.
You aren't carrying any items that you can evoke.
Okay, then.
Casting: Sting (safe; 22% risk of failure)
Confirm with . or Enter, or press ? or * to list all spells.
Okay, then.
It was a potion of degeneration.
There was something very wrong with that liquid.
You feel weakened.
You feel dopey.
You feel clumsy. The gnoll hits you with a +0 club.
You die...
Xom cackles wildly!

###########
#######.........########
................'.....>.
#....##.........######.#
#....##.........# #.#
#.....g.######### #.#
####.##@# #.# #
#.).....? #.# #H.......
#.. ##....... #.#
....... #.. ....... #.#
....... #.# ....... #.#
#####.#


You could see a harpy shaped shifter and a gnoll.

Vanquished Creatures
  A phantom (D:2)
  A scorpion (D:5)
  An orc priest (D:3)
  Terence (D:3)
  Robin (D:3)
  A gnoll (D:5)
  6 adders
  2 worms (D:2)
  3 dart slugs
  3 orcs
  5 endoplasms
  5 giant cockroaches
  14 goblins
  6 hobgoblins
  2 quokkas (D:1)
  6 ball pythons
  7 bats
  2 frilled lizards
  12 kobolds
  5 rats
84 creatures vanquished.

Vanquished Creatures (others)
  2 ball pythons (D:1)
  A kobold (D:1)
  An orc zombie (D:3)
  A rat (D:1)
5 creatures vanquished.

Grand Total: 89 creatures vanquished

Notes
Turn   | Place    | Note
-------+----------+-------------------------------------------
     0 | D:1      | Xavori the Djinni Chaos Knight began the quest for the Orb.
     0 | D:1      | Reached XP level 1. HP: 20/20 MP: 0/0
   122 | D:1      | XOM: potion effect (brilliance)
   132 | D:1      | Reached XP level 2. HP: 23/25 MP: 0/0
   146 | D:1      | XOM: silly message
   286 | D:1      | XOM: divination: magic mapping
   319 | D:1      | Reached XP level 3. HP: 28/30 MP: 0/0
   319 | D:1      | Learned a level 1 spell: Sting
   613 | D:2      | XOM: stealth player
   613 | D:2      | XOM: divination: magic mapping
   686 | D:2      | XOM: divination: magic mapping
   748 | D:2      | XOM: divination: detect items
   782 | D:2      | Reached skill level 1 in Spellcasting
   782 | D:2      | Reached skill level 1 in Conjurations
   782 | D:2      | Reached skill level 1 in Hexes
   782 | D:2      | Reached skill level 1 in Summonings
   782 | D:2      | Reached skill level 1 in Necromancy
   782 | D:2      | Reached skill level 1 in Translocations
   782 | D:2      | Reached skill level 1 in Transmutations
   782 | D:2      | Reached skill level 1 in Fire Magic
   782 | D:2      | Reached skill level 1 in Ice Magic
   782 | D:2      | Reached skill level 1 in Air Magic
   782 | D:2      | Reached skill level 1 in Earth Magic
   782 | D:2      | Reached skill level 1 in Poison Magic
   787 | D:2      | Reached XP level 4. HP: 35/35 MP: 0/0
   889 | D:2      | Found a faded altar of an unknown god.
   893 | D:2      | Reached skill level 1 in Stealth
   912 | D:2      | XOM: give mutation
   912 | D:2      | Gained mutation: You passively dampen the noise of your
                  | surroundings. [Xom's mischief]
  1000 | D:2      | Noticed a phantom
  1019 | D:2      | Killed a phantom
  1020 | D:2      | Reached XP level 5. HP: 20/40 MP: 0/0
  1020 | D:2      | Learned a level 2 spell: Passwall
  1133 | D:2      | XOM: stat loss: -1 Dex (13/14)
  1481 | D:3      | Reached XP level 6. HP: 36/46 MP: 0/0
  1563 | D:3      | Noticed Robin
  1583 | D:3      | Killed Robin
  1646 | D:3      | XOM: god gift: sharpened silver wand {god gift}
  1721 | D:3      | Noticed Terence
  1727 | D:3      | XOM: god gift: chain mail {god gift}
  1734 | D:3      | Killed Terence
  1914 | D:3      | XOM: 2-stop teleportation journey
  1915 | D:3      | XOM: noise
  2018 | D:3      | XOM: enchant monster (good)
  2056 | D:3      | Found a shimmering altar of Xom.
  2057 | D:3      | Found a hazy altar of Hepliaklqana.
  2058 | D:3      | Noticed a spectral ugly thing
  2949 | D:4      | XOM: give mutation
  2949 | D:4      | Gained mutation: Armour fits poorly on your strangely
                  | shaped body. [Xom's mischief]
  3113 | D:5      | Entered Level 5 of the Dungeon
  3307 | D:5      | a gnoll changed into a shapeshifter
  3307 | D:5      | Noticed a shapeshifter (shapeshifter)
  3307 | D:5      | a shapeshifter changed into a harpy
  3307 | D:5      | Noticed a harpy (shapeshifter)
  3309 | D:5      | Lost mutation: You passively dampen the noise of your
                  | surroundings. [potion of mutation]
  3309 | D:5      | Lost mutation: Armour fits poorly on your strangely shaped
                  | body. [potion of mutation]
  3309 | D:5      | Gained mutation: Potions are less effective at restoring
                  | your health. [potion of mutation]
  3309 | D:5      | Gained mutation: You are agile. (Dex +4, Str/Int -1)
                  | [potion of mutation]
  3309 | D:5      | XOM: cleaving
  3318 | D:5      | Slain by a gnoll

Illustrated notes

Levels and vault maps discovered:
D:1:      dpeg_arrival_stone_temple_mockup, layout_rooms
D:2:      layout_loops_ring, basic_altar, nicolae_ecumenical_oubliette
D:3:      layout_loops_ring, regret_index_temple_of_mockery, uniq_terence,
          uniq_robin
D:4:      nicolae_cairo_tiling_large_dashed, layout_basic
D:5:      layout_basic, minmay_temple_entry_overgrown,
          nicolae_shop_i_like_small_books_too, small_statue_intersection,
          nicolae_figureground_sparkle

Skill      XL: |  1  2  3  4  5  6 |
---------------+-------------------+-----
Spellcasting   | 1 2 |  2.1
Conjurations   | 1 2 |  2.1
Hexes          | 1 2 |  2.1
Summonings     | 1 2 |  2.1
Necromancy     | 1 2 |  2.1
Translocations | 1 2 |  2.1
Transmutations | 1 2 |  2.1
Fire Magic     | 1 2 |  2.1
Ice Magic      | 1 2 |  2.1
Air Magic      | 1 2 |  2.1
Earth Magic    | 1 2 |  2.1
Poison Magic   | 1 2 |  2.1
Long Blades    | 3 |  3.5
Stealth        | 1 |  1.6
Armour         | 2 |  2.5
Dodging        | 3 |  3.4
Fighting       | |  3.9
Shields        | |  0.7

Action                     |  1- 3 |  4- 6 || total
---------------------------+-------+-------++-------
  Melee: Falchion          |   101 |   179 ||   280
         Punch             |     2 |       ||     2
   Cast: Sting             |       |     1 ||     1
  Evoke: Wand              |       |     8 ||     8
    Use: Potion            |       |     4 ||     4
   Stab: Sleeping          |     1 |     4 ||     5
         Petrifying        |       |     1 ||     1
 Armour: Leather armour    |    76 |   143 ||   219
  Dodge: Dodged            |    64 |   106 ||   170
  Block: Kite shield       |     3 |       ||     3
         Buckler           |     2 |    46 ||    48

Table legend: (Time is in decaauts)
 A = Elapsed time spent in this place.
 B = Non-inter-level travel time spent in this place.
 C = Inter-level travel time spent in this place.
 D = Time resting spent in this place.
 E = Time spent auto-exploring this place.
 F = Levels seen in this place.
 G = Mean time per level.
                   A        B        C        D        E       F      G
               +--------+--------+--------+--------+--------+-----+--------+
         Total |   3355 |   3205 |    150 |    117 |   2351 |   5 |  671.0 |
       Dungeon |   3355 |   3205 |    150 |    117 |   2351 |   5 |  671.0 |
               +--------+--------+--------+--------+--------+-----+--------+

Top non-repeatable levels by time:
     D:3: 994 daAuts
     D:2: 807 daAuts
     D:1: 674 daAuts
     D:4: 669 daAuts
     D:5: 209 daAuts
